 Dungeon Crawl Stone Soup version 0.21-a0-361-g4efd3f9 (webtiles) character file.

39 Espgualade the Skirmisher (level 3, 0/23 HPs)
             Began as a Tengu Ice Elementalist on Oct 13, 2017.
             Slain by an orc
             ... wielding a +0 club
              (3 damage)
             ... on level 3 of the Dungeon.
             The game lasted 00:03:06 (2036 turns).

Espgualade the Skirmisher (Tengu Ice Elementalist)  Turns: 2036, Time: 00:03:07

Health: 0/23       AC:  2    Str:  8    XL:     3   Next: 45%
Magic:  4/7        EV: 12    Int: 16    God:
Gold:   53         SH:  0    Dex: 14    Spells: 3/6 levels left

rFire    . . .     SeeInvis .   p - -1 dagger (curse)
rCold    . . .     Gourm    .   (no shield)
rNeg     . . .     Faith    .   a - +0 robe
rPois    .         Spirit   .   (helmet restricted)
rElec    .         Reflect  .   (no cloak)
rCorr    .         Harm     .   (no gloves)
MR       .....                  (boots unavailable)
Stlth    ++........             (no amulet)
HPRegen  0.07/turn              (no ring)
MPRegen  0.10/turn              (no ring)

@: no status effects
A: beak, talons 3
a: no special abilities


You were on level 3 of the Dungeon.
You were not hungry.

You visited 1 branch of the dungeon, and saw 3 of its levels.

You collected 53 gold pieces.

Inventory:

Hand Weapons
 p - a cursed -1 dagger (weapon)
Armour
 a - a +0 robe (worn)
Scrolls
 e - a scroll of amnesia
 h - a scroll of fear {unknown}
 i - a scroll of remove curse {unknown}
 k - a scroll of identify
 m - 2 scrolls of teleportation {unknown}
Potions
 d - a potion of agility {unknown}
 f - 2 potions of might
 j - a potion of mutation {unknown}
 l - a potion of heal wounds {unknown}
 o - a potion of curing {unknown}
Books
 b - a book of Frost

   Spells                             Type                      Level
   a - Freeze                         Ice                          1
   b - Throw Frost                    Conjuration/Ice              2
   c - Ozocubu's Armour               Charms/Ice                   3
   d - Throw Icicle                   Conjuration/Ice              4
   e - Summon Ice Beast               Ice/Summoning                4
Comestibles
 c - a bread ration
 g - 2 royal jellies
 n - 3 fruits
 r - a meat ration


   Skills:
 + Level 3.0 Fighting
 - Level 2.1 Dodging
 - Level 2.0 Stealth
 - Level 2.0 Spellcasting
 - Level 1.3 Conjurations
 - Level 2.6 Ice Magic


You had 3 spell levels left.
You knew the following spells:

 Your Spells              Type           Power        Failure   Level  Hunger
a - Freeze                Ice            ##..         7%          1    #......
b - Throw Frost           Conj/Ice       #.....       14%         2    ###....


Dungeon Overview and Level Annotations

Branches:
Dungeon (3/15)

Altars:


Innate Abilities, Weirdness & Mutations

You have a beak for a mouth.
You have claws for feet.


Message History

Ouch! That really hurt!
* * * LOW HITPOINT WARNING * * *
As you read the scroll labeled XUYGYU TAEME, it crumbles to dust.
It is a scroll of amnesia.
Forget which spell ([?*] list [ESC] exit)?
Forget which spell ([?*] list [ESC] exit)?
Okay, then.
As you read the scroll labeled JIRCHO BYED, it crumbles to dust.
It is a scroll of identify.
f - 2 potions of might
Found a stone staircase leading down.
There is a stone staircase leading down here.
You climb downwards. 3 orcs and an orc priest come into view.
An orc is wielding a mace of venom.
The orc shouts! x3; You hear a shout!
There is a stone staircase leading up here.
The orc priest shouts!
The orc hits you with a club.
You die...

###..# ###
#....#
...#....# #
###.#....####..
...............
#........o..#
#...o..o.#
#..@...o.#
###.###### #..
##.. ##. ##


You could see an orc priest and 3 orcs.

Vanquished Creatures
  2 dart slugs
  3 giant cockroaches (D:2)
  3 goblins
  6 hobgoblins
  4 kobolds
  7 bats
  4 frilled lizards
  4 rats
33 creatures vanquished.

Notes
Turn   | Place    | Note
-------+----------+-------------------------------------------
     0 | D:1      | Espgualade the Tengu Ice Elementalist began the quest for the Orb.
     0 | D:1      | Reached XP level 1. HP: 10/10 MP: 4/4
   168 | D:1      | Reached skill level 1 in Fighting
   351 | D:1      | Reached XP level 2. HP: 8/16 MP: 3/6
   674 | D:1      | Reached skill level 2 in Fighting
  1342 | D:1      | Learned a level 2 spell: Throw Frost
  1383 | D:2      | Reached XP level 3. HP: 14/22 MP: 0/7
  1887 | D:2      | Reached skill level 3 in Fighting
  2036 | D:3      | Slain by an orc

Vault maps used:
D:1:      dpeg_arrival_line_fractal
D:2:      lemuel_upstairs_altar, minmay_misc_feat_roman
D:3:      cheibrodos_pilgrimage, nicolae_overflow_crystal_walls,
          minmay_overflow_temple_star_quad, trog_wizard

Skill      XL: |  1  2  3 |
---------------+----------+-----
Fighting       | 1 2 3 |  3.0
Dodging        | |  2.1
Stealth        | |  2.0
Spellcasting   | |  2.0
Conjurations   | |  1.3
Ice Magic      | |  2.6

Action                   || total
-------------------------++-------
Melee: Unarmed           ||    64
       Kick              ||    18
       Peck              ||    17
       Dagger            ||    20
 Cast: Freeze            ||    29
       Throw Frost       ||     1
  Use: Scroll            ||     2
 Stab: Sleeping          ||     2
  Eat: Chunk             ||     4
Armor: Robe              ||    21
Dodge: Dodged            ||    86

Table legend:
 A = Spawn XP
 B = Non-spawn XP
 C = Spawn XP percentage of total XP
 D = Spawn monster count
 E = Non-spawn monster count
 F = Spawn count percentage of total count
 G = Total turns spent on level
                    A         B        C        D         E        F      G
               +---------+---------+-------+---------+---------+-------+---------
         Total |       0 |      56 |   0.0 |       0 |      33 |   0.0 |  2036
               +---------+---------+-------+---------+---------+-------+---------
           D:1 |       0 |      26 |   0.0 |       0 |      15 |   0.0 |  1343
           D:2 |       0 |      30 |   0.0 |       0 |      18 |   0.0 |   692
               +---------+---------+-------+---------+---------+-------+---------
